 Dungeon Crawl Stone Soup version 0.27.1-33-g824d729ab1 (webtiles) character file.

Game seed: 14076764867369494375

26 Descartes the Grasshopper (level 2, 0/13 HPs)
             Began as a Felid Warper on Nov 28, 2021.
             Slain by a bat (1 damage)
             ... on level 3 of the Dungeon.
             The game lasted 00:03:09 (2115 turns).

Descartes the Grasshopper (Felid Warper)            Turns: 2115, Time: 00:03:11

Health: 0/13       AC:  1    Str:  7    XL:     2   Next: 89%
Magic:  6/6        EV: 18    Int: 14    God:
Gold:   60         SH:  0    Dex: 15    Spells: 5/5 levels left
                                        Lives:  0   Deaths: 0

rFire    . . .     SeeInvis +     - Unarmed
rCold    . . .     Faith    .   (shield unavailable)
rNeg     . . .     Spirit   .   (armour unavailable)
rPois    .         Reflect  .   (helmet unavailable)
rElec    .         Harm     .   (cloak unavailable)
rCorr    .         Rampage  .   (gloves unavailable)
Will     .....                  (boots unavailable)
Stlth    ++........             (no amulet)
HPRegen  0.04/turn              (no ring)
MPRegen  0.10/turn              (no ring)

@: quick
A: very small, claws 1, fangs 3, see invisible, speed 1, shaggy fur 1, stealthy
paws, no weapons or thrown items, no armour, multi-lived
a: no special abilities


You were on level 3 of the Dungeon.
You visited 1 branch of the dungeon, and saw 3 of its levels.

You collected 73 gold pieces.
You spent 13 gold pieces at shops.

Inventory:

Missiles
 g - 69 stones
Scrolls
 a - 2 scrolls of blinking
 b - a scroll of noise {unknown}
 c - a scroll of fog {unknown}
 e - 2 scrolls of identify {unknown}
 h - a scroll of teleportation {unknown}
 i - a scroll of enchant armour {unknown}
Potions
 d - a potion of mutation {unknown}
 f - a potion of curing {unknown}
 k - a potion of heal wounds {unknown}


   Skills:
 - Level 2.0 Fighting
 + Level 3.9 Dodging
 + Level 2.1 Stealth
 + Level 2.5 Unarmed Combat
 - Level 2.0 Spellcasting
 - Level 4.4 Translocations


You had 5 spell levels left.
You didn't know any spells.
Your spell library contained the following spells:

 Spells                   Type           Power      Damage    Failure   Level
 Blink                    Tloc           N/A        N/A       6%          2
 Gell's Gravitas          Tloc           6%         N/A       12%         3
 Lesser Beckoning         Tloc           6%         N/A       12%         3
 Teleport Other           Tloc           13%        N/A       12%         3
 Manifold Assault         Tloc           13%        N/A       73%         5
 Storm Form               Tmut/Air       0%         N/A       100%        7


Dungeon Overview and Level Annotations

Branches:
Dungeon (3/15)

Altars:

Shops:
D:3 !

Annotations:
D:2 Sigmund
D:3 Grinder


Innate Abilities, Weirdness & Mutations

You have sharp claws.
You have razor-sharp teeth.
You have supernaturally acute eyesight. (SInv)
You cover ground quickly. (Speed+)
You are covered in fur. (AC +1)
Your paws help you pounce on unaware monsters.
You are incapable of wielding weapons or throwing items.
You cannot wear armour.
You gain extra lives every three experience levels.


Message History

You scratch the endoplasm but do no damage.
The endoplasm is moderately wounded.
The endoplasm freezes you.
You are frozen.
You are too injured to fight recklessly!
You are too injured to fight recklessly!
You scratch the endoplasm. Your bite misses the endoplasm.
The endoplasm is almost dead.
The endoplasm hits you.
* * * LOW HITPOINT WARNING * * *
You scratch the endoplasm.
You kill the endoplasm!
A kobold comes into view. It is wielding a +0 short sword.
The kobold shouts!
A bat comes into view.
A giant cockroach comes into view.
The bat hits you.
* * * LOW HITPOINT WARNING * * *
2 orcs and Grinder come into view.
Grinder shouts!
The orc shouts!
The bat hits you but does no damage.
Grinder moves out of view.
The bat completely misses you. The kobold barely misses you.
You barely miss the kobold. The bat closely misses you.
The bat hits you but does no damage. The kobold closely misses you.
You scratch the kobold.
You kill the kobold!
The bat closely misses you. The bat hits you but does no damage.
The bat barely misses you.
You see here a +0 short sword.
The bat closely misses you. The bat misses you.
Grinder says, "Wait up."
The bat hits you.
* * * LOW HITPOINT WARNING * * *
The bat hits you.
* * * LOW HITPOINT WARNING * * *
Grinder blinks!
The bat barely misses you. The bat hits you.
You die...

#o# #..##.#........
#.####.#...#........
#.##..∩..#..........
#5##.#.#...#........
#.##.......#[#######
.######.######..##.#
........#####......######
........b.....####......##
#####[...@................
#.....########....).##
#...................#
#........####.......##
#......#.# #.######.<
#..[...#.# # #.. #......#
# .... #......# ###..
#......# #..


You could see a bat.

Vanquished Creatures
  A ball python (D:2)
  3 endoplasms
  2 giant cockroaches (D:1)
  5 goblins
  A hobgoblin (D:2)
  4 kobolds
  A quokka (D:1)
  2 bats
  3 rats (D:1)
22 creatures vanquished.

Notes
Turn   | Place    | Note
-------+----------+-------------------------------------------
     0 | D:1      | Descartes the Felid Warper began the quest for the Orb.
     0 | D:1      | Reached XP level 1. HP: 9/9 MP: 4/4
   234 | D:1      | Reached skill level 1 in Stealth
   596 | D:1      | Reached XP level 2. HP: 10/13 MP: 6/6
  1609 | D:2      | Noticed Sigmund
  2018 | D:3      | Found Vuanon's Distillery.
  2023 | D:3      | Bought a potion of degeneration for 13 gold pieces
  2099 | D:3      | Noticed Grinder
  2115 | D:3      | Slain by a bat

Illustrated notes

Levels and vault maps discovered:
D:1:      nzn_arrival_crosshair, layout_basic
D:2:      layout_loops_cross, minmay_randomly_rotated_circles, uniq_sigmund
D:3:      minmay_general_purpose_star, layout_basic,
          nicolae_overflow_hidden_temple, serial_shops, nicolae_shop_crystal,
          uniq_grinder, uniq_natasha

Skill      XL: |  1  2 |
---------------+-------+-----
Stealth        | 1 2 |  2.1
Fighting       | |  2.0
Dodging        | |  3.9
Unarmed Combat | |  2.5
Spellcasting   | |  2.0
Translocations | |  4.4

Action                   || total
-------------------------++-------
Melee: Unarmed           ||    67
       Bite              ||     4
 Stab: Sleeping          ||     3
Armor: Skin              ||     6
Dodge: Dodged            ||    62
